 Dungeon Crawl Stone Soup version 0.24-a0-169-g71aafec (webtiles) character file.

Game seed: 17974593609333996394

339 Borgoz the Cutter (level 6, -5/40 HPs)
             Began as a Gargoyle Enchanter on Mar 8, 2019.
             Killed from afar by an orc wizard (6 damage)
             ... with a puff of flame
             ... on level 4 of the Dungeon.
             The game lasted 00:05:13 (2826 turns).

Borgoz the Cutter (Gargoyle Enchanter)              Turns: 2826, Time: 00:05:14

Health: -5/40      AC:  6    Str: 13    XL:     6   Next: 55%
Magic:  9/12       EV: 13    Int: 20    God:
Gold:   111        SH:  0    Dex: 11    Spells: 8/14 levels left

rFire    . . .     SeeInvis .   a - +2 dagger (elec)
rCold    . . .     Gourm    .   (no shield)
rNeg     + . .     Faith    .   b - +0 robe
rPois    ∞         Spirit   .   (no helmet)
rElec    +         Reflect  .   (no cloak)
rCorr    .         Harm     .   (no gloves)
MR       .....                  (no boots)
Stlth    ++........             (no amulet)
HPRegen  0.13/turn              k - ring of flight
MPRegen  0.13/turn              (no ring)

@: brilliant, about to teleport
A: negative energy resistance 1, electricity resistance, unbreathing,
petrification resistance, rot immunity, AC +4
a: Evoke Flight


You were on level 4 of the Dungeon.
You were not hungry.

You visited 1 branch of the dungeon, and saw 4 of its levels.

You collected 111 gold pieces.

Inventory:

Hand Weapons
 a - a +2 dagger of electrocution (weapon)
 j - a +2 dagger of draining
Armour
 b - a +0 robe (worn)
Jewellery
 k - a ring of flight (left hand)
Scrolls
 e - 4 scrolls of identify {unknown}
 f - 2 scrolls of remove curse
 i - a scroll of amnesia {unknown}
 m - a scroll of magic mapping {unknown}
 n - a scroll of fear {unknown}
Comestibles
 d - 7 rations
 h - 4 chunks of flesh


   Skills:
 + Level 5.2 Fighting
 * Level 6.4 Short Blades
 + Level 5.2 Armour
 + Level 4.3 Dodging
 + Level 4.1 Stealth
 - Level 4.5 Spellcasting
 - Level 4.9 Hexes


You had 8 spell levels left.
You knew the following spells:

 Your Spells              Type           Power        Failure   Level  Hunger
a - Corona                Hex            #####..      1%          1    None
b - Ensorcelled Hibernat  Hex/Ice        ####..       1%          2    #......
c - Confuse               Hex            #####...     1%          3    ##.....

Your spell library contained the following spells:

 Spells                   Type           Power        Failure   Level  Hunger
 Dazzling Spray           Conj/Hex       ####..       1%          3    ##.....
 Tukima's Dance           Hex            #####...     1%          3    ##.....


Dungeon Overview and Level Annotations

Branches:
Dungeon (4/15)
 Temple: D:4-7

Altars:
Cheibriados
Elyvilon
Kikubaaqudgha
Nemelex Xobeh
Trog
Wu Jian
Zin
The Shining One


Innate Abilities, Weirdness & Mutations

You are resistant to torment.
Your stone body is resilient. (AC +4)
You are immune to poison.
You resist negative energy. (rN+)
You are resistant to electric shocks. (rElec)
You can survive without breathing.
You are immune to petrification.
You are immune to rotting.


Message History

An orc wizard comes into view. It is wielding a +0 dagger.
An orc comes into view. It is wielding a +0 short sword.
The orc wizard closely misses you.
An orc comes into view. It is wielding a +0 club.
An ogre comes into view. It is wielding a +0 giant club.
An orc wizard comes into view. It is wielding a +0 dagger.
The orc wizard casts a spell at you. The magic dart hits you.
* * * LOW HITPOINT WARNING * * *
A worm comes into view.
The adder moves out of view.
Found 2 inky potions.
Found a stone staircase leading down.
An orc wizard comes into view. It is wielding a +0 dagger.
The orc wizard casts a spell.
The orc wizard blinks!
As you read the scroll of teleportation, it crumbles to dust.
You feel strangely unstable.
The orc wizard points at you and mumbles some strange words.
The puff of flame hits you.
You die...

#..............
................
........................
........................
.....>!..........%......
##......................
............o...........
#.....@................
.........o..............
......Oow§..............
......o.o...............
##..........####+####...
#..........# #...
#.....###### #... #.....
#... ###+## +...


You could see an ogre, a worm, 3 orc wizards and 2 orcs.

Vanquished Creatures
  A hound (D:4)
  A worker ant (D:2)
  4 adders
  3 oozes
  A worm (D:2)
  2 dart slugs
  A leopard gecko (D:2)
  8 orcs
  6 bats
  A giant cockroach (D:1)
  2 goblins
  9 hobgoblins
  6 jackals
  2 quokkas (D:3)
  3 frilled lizards (D:2)
  4 kobolds
  4 rats
  2 rat zombies (D:2)
60 creatures vanquished.

Notes
Turn   | Place    | Note
-------+----------+-------------------------------------------
     0 | D:1      | Borgoz the Gargoyle Enchanter began the quest for the Orb.
     0 | D:1      | Reached XP level 1. HP: 10/10 MP: 3/3
    13 | D:1      | Reached skill level 1 in Short Blades
   169 | D:1      | Reached XP level 2. HP: 16/16 MP: 5/5
   284 | D:1      | Found a snail-covered altar of Cheibriados.
   742 | D:1      | Reached skill level 1 in Fighting
   827 | D:2      | Reached XP level 3. HP: 20/20 MP: 6/6
  1049 | D:2      | Found a sparkling altar of Nemelex Xobeh.
  1054 | D:2      | Reached skill level 1 in Armour
  1076 | D:2      | Reached skill level 2 in Short Blades
  1076 | D:2      | Reached XP level 4. HP: 7/25 MP: 5/7
  1080 | D:2      | Learned a level 2 spell: Ensorcelled Hibernation
  1084 | D:2      | Learned a level 3 spell: Confuse
  1544 | D:2      | Found a bloodstained altar of Trog.
  1893 | D:2      | Found an ancient bone altar of Kikubaaqudgha.
  2078 | D:3      | Found an ornate altar of the Wu Jian Council.
  2349 | D:3      | Reached XP level 5. HP: 17/30 MP: 5/8
  2519 | D:3      | Found a faded altar of an unknown god.
  2545 | D:3      | Found a glowing golden altar of the Shining One.
  2545 | D:3      | Found a glowing silver altar of Zin.
  2545 | D:3      | Found a white marble altar of Elyvilon.
  2632 | D:3      | Found a sparkling altar of Nemelex Xobeh.
  2816 | D:4      | Reached skill level 5 in Fighting
  2816 | D:4      | Reached skill level 6 in Short Blades
  2816 | D:4      | Reached skill level 5 in Armour
  2816 | D:4      | Reached XP level 6. HP: 13/40 MP: 8/12
  2824 | D:4      | HP: 1/40 [orc wizard/magic dart (3)]
  2826 | D:4      | Killed from afar by an orc wizard

Levels and vault maps discovered:
D:1:      lightli_arrival_boilingwater, layout_loops_cross,
          corexii_item_surrounded_by_moat, cheibriados_altar_1
D:2:      layout_rooms, nemelex_xobeh_ov_fountains_minmay,
          nicolae_overflow_crystal_walls, lemuel_zombie_altar_kikubaaqudgha,
          first_ration
D:3:      layout_basic, good_gods_mini_temple, lemuel_crystal_altar,
          chequers_ecumenical_altar_island, nemelex_dance_club_becter
D:4:      layout_basic, tgw_fedhas, kennysheep_mini_moat,
          minmay_temple_entry_slanted, nicolae_ossuary_entry_plus,
          kennysheep_generic_room_9, uniq_ijyb

Skill      XL: |  1  2  3  4  5 |
---------------+----------------+-----
Short Blades   | 1 2 6 |  6.4
Fighting       | 1 5 |  5.2
Armour         | 1 5 |  5.2
Dodging        | 2 4 |  4.3
Stealth        | 4 |  4.1
Spellcasting   | 4 |  4.5
Hexes          | 4 |  4.9

Action                   |  1- 3 |  4- 6 || total
-------------------------+-------+-------++-------
Melee: Dagger            |   116 |   214 ||   330
 Cast: Corona            |     2 |       ||     2
       Ensorcelled Hiber |       |     2 ||     2
  Use: Potion            |       |     3 ||     3
       Scroll            |       |     5 ||     5
 Stab: Sleeping          |     4 |     6 ||    10
  Eat: Chunk             |     1 |     6 ||     7
Armor: Robe              |    31 |    65 ||    96
Dodge: Dodged            |    77 |   119 ||   196

Table legend:
 A = Non-vault XP
 B = Vault XP
 C = Vault XP percentage of total XP
 D = Non-vault monster count
 E = Vault monster count
 F = Vault count percentage of total count
                 A         B        C        D         E       F
            +---------+---------+-------+---------+---------+-------
      Total |     240 |      11 |   4.4 |      56 |       4 |   6.7
            +---------+---------+-------+---------+---------+-------
        D:1 |      48 |       0 |   0.0 |      18 |       0 |   0.0
        D:2 |      81 |       2 |   2.4 |      17 |       2 |  10.5
        D:3 |      66 |       9 |  12.0 |      19 |       2 |   9.5
        D:4 |      45 |       0 |   0.0 |       2 |       0 |   0.0
            +---------+---------+-------+---------+---------+-------
